 Dungeon Crawl Stone Soup version 0.32-a0-450-g080537f31e (webtiles) character file.

Game seed: 347435953838819970

81 inmateoo the Caller (level 4, -2/25 HPs)
             Began as a Kobold Summoner on Feb 23, 2024.
             Slain by an ufetubus (3 damage)
             ... on level 3 of the Dungeon.
             The game lasted 00:02:04 (2167 turns).

inmateoo the Caller (Kobold Summoner)               Turns: 2167, Time: 00:02:04

Health: -2/25      AC:  2    Str:  5    XL:     4   Next: 67%
Magic:  3/8        EV: 15    Int: 18    God:
Gold:   87         SH:  0    Dex: 15    Spells: 5/8 levels left

rFire   . . .        c - +0 dagger
rCold   . . .        (no shield)
rNeg    . . .        a - +0 robe
rPois   .            (no helmet)
rElec   .            (no cloak)
rCorr   .            (no gloves)
SInv    .            (no boots)
Will    .....        (no amulet)
Stlth   ++++         (no ring)
HPRegen 0.24/turn    (no ring)
MPRegen 0.11/turn

%: no passive effects
@: no status effects
A: small, no large weapons, nightstalker 3
a: no special abilities


You were on level 3 of the Dungeon.
You visited 1 branch of the dungeon, and saw 3 of its levels.

You collected 87 gold pieces.

Inventory:

Hand Weapons
 c - a +0 dagger (weapon)
Armour
 a - a +0 robe (worn)
 l - the +1 hat "Mastrem" {Harm rF+ rN++ Str-2}
   (You found it on level 2 of the Dungeon)

   Str-2:     It affects your strength (-2).
   rF+:       It protects you from fire.
   rN++:      It greatly protects you from negative energy.
   Harm:      It increases damage dealt and taken.
Scrolls
 f - 2 scrolls of enchant armour {unknown}
 h - a scroll of blinking {unknown}
 i - a scroll of teleportation {unknown}
 k - 3 scrolls of fog {unknown}
Potions
 b - 2 potions of magic
 d - a potion of degeneration {unknown}
 e - 3 potions of curing {unknown}
 g - 2 potions of cancellation {unknown}
 j - a potion of brilliance {unknown}


   Skills:
 + Level 1.4 Fighting
 + Level 3.2 Dodging
 + Level 3.8 Stealth
 + Level 2.8 Spellcasting
 + Level 4.4 Summonings


You had 5 spell levels left.
You knew the following spells:

 Your Spells              Type           Power      Damage    Failure   Level
a - Summon Small Mammal   Summ           72%        N/A       2%          1
b - Call Imp              Summ           36%        N/A       4%          2

Your spell library contained the following spells:

 Spells                   Type           Power      Damage    Failure   Level
 Call Canine Familiar     Summ           18%        N/A       9%          3
 Inner Flame              Hex/Fire       2%         N/A       45%         3
 Summon Blazeheart Golem  Fire/Summ      10%        N/A       54%         4
 Summon Lightning Spire   Summ/Air       10%        N/A       54%         4
 Flame Wave               Conj/Fire      2%         2d4       86%         4
 Sticky Flame             Fire/Alch      2%         2d4       86%         4


Dungeon Overview and Level Annotations

Branches:
Dungeon (3/15)

Altars:
Nemelex Xobeh


Innate Abilities, Weirdness & Mutations

You are small and have problems with some larger weapons.
You are completely attuned to the shadows.


Message History

The goblin barely misses you.
Casting: Call Imp (safe; 4% risk of failure)
Confirm with . or Enter, or press ? or * to list all spells.
A tiny devil pulls itself out of the air.
The goblin hits you with a +0 club.
* * * LOW HITPOINT WARNING * * *
Casting: Call Imp (safe; 4% risk of failure)
Confirm with . or Enter, or press ? or * to list all spells.
The goblin completely misses you.
Your cerulean imp barely misses the ufetubus.
Your cerulean imp barely misses the ufetubus.
The goblin closely misses your quokka.
Your quokka bites the goblin.
The goblin dies!
The ufetubus barely misses your quokka. The ufetubus hits your quokka.
Your quokka bites the ufetubus.
Your cerulean imp hits the ufetubus but does no damage.
The ufetubus hits your quokka.
Your quokka dies!
Your quokka's corpse disappears in a puff of smoke!
Your cerulean imp barely misses the ufetubus.
You miss the ufetubus.
The ufetubus is moderately wounded.
The ufetubus hits you but does no damage.
The ufetubus barely misses you.
Your cerulean imp misses the ufetubus.
The ufetubus closely misses you. The ufetubus misses you.
You barely miss the ufetubus.
The ufetubus is moderately wounded.
Your cerulean imp closely misses the ufetubus.
The ufetubus hits you.
* * * LOW HITPOINT WARNING * * *
The ufetubus closely misses you.
Casting: Summon Small Mammal (safe; 2% risk of failure)
Confirm with . or Enter, or press ? or * to list all spells.
A tiny devil pulls itself out of the air.
Your cerulean imp disappears in a puff of smoke!
The ufetubus barely misses you. The ufetubus hits you.
* * * LOW HITPOINT WARNING * * *
The ufetubus barely misses you. The ufetubus hits you.
You die...

#... .### .... .....
.... ....
....##.#### #
...5ยง).5... .
######5.####
#....##.## #..@....
.......... #.#.####
#.......## #.#...#
###.........
#.###.###...........
#. #...[.#...#.....
###.>...........
#########.....
#..... ######


You could see an ufetubus (ally target) and a friendly cerulean imp (summoned).

Vanquished Creatures
  An adder (D:3)
  An ufetubus (D:3)
  A dart slug (D:3)
  3 ball pythons
  2 bats (D:1)
  7 endoplasms
  4 giant cockroaches
  A goblin (D:2)
  3 hobgoblins
  A quokka (D:2)
  3 frilled lizards (D:1)
  4 kobolds
  2 rats (D:1)
33 creatures vanquished.

Vanquished Creatures (collateral kills)
  An adder (D:2)
  A bat (D:1)
  2 endoplasms
  3 goblins
  2 hobgoblins (D:2)
  5 kobolds
  A ball python (D:2)
  2 frilled lizards (D:2)
17 creatures vanquished.

Grand Total: 50 creatures vanquished

Notes
Turn   | Place    | Note
-------+----------+-------------------------------------------
     0 | D:1      | inmateoo the Kobold Summoner began the quest for the Orb.
     0 | D:1      | Reached XP level 1. HP: 10/10 MP: 3/3
   194 | D:2      | Reached XP level 2. HP: 10/15 MP: 3/5
   760 | D:1      | Reached XP level 3. HP: 19/20 MP: 4/6
   800 | D:1      | Learned a level 2 spell: Call Imp
  1200 | D:2      | Found a sparkling altar of Nemelex Xobeh.
  1322 | D:2      | Reached skill level 1 in Fighting
  1437 | D:2      | Reached XP level 4. HP: 24/25 MP: 3/7
  1598 | D:2      | Identified the +1 hat "Mastrem" {Harm rF+ rN++ Str-2}
  2167 | D:3      | HP: 1/25 [ufetubus (3)]
  2167 | D:3      | Slain by an ufetubus

Illustrated notes

Levels and vault maps discovered:
D:1:      dpeg_arrival_tiny_a, layout_loops_corners
D:2:      layout_basic, basic_altar
D:3:      layout_basic, uniq_jessica, uniq_natasha

Skill      XL: |  1  2  3 |
---------------+----------+-----
Stealth        | 3 |  3.8
Dodging        | 3 |  3.2
Fighting       | 1 |  1.4
Spellcasting   | |  2.8
Summonings     | |  4.4

Action                     |  1- 3 |  4- 6 || total
---------------------------+-------+-------++-------
  Melee: Dagger            |    90 |    44 ||   134
         Unarmed           |     8 |       ||     8
   Cast: Summon Small Mamm |    15 |     4 ||    19
         Call Imp          |     4 |     4 ||     8
   Stab: Sleeping          |    10 |     6 ||    16
         Distracted        |     1 |       ||     1
 Armour: Robe              |    53 |    25 ||    78
  Dodge: Dodged            |    83 |    49 ||   132

Table legend: (Time is in decaauts)
 A = Elapsed time spent in this place.
 B = Non-inter-level travel time spent in this place.
 C = Inter-level travel time spent in this place.
 D = Time resting spent in this place.
 E = Time spent auto-exploring this place.
 F = Levels seen in this place.
 G = Mean time per level.
                   A        B        C        D        E       F      G
               +--------+--------+--------+--------+--------+-----+--------+
         Total |   2168 |   2126 |     42 |    116 |   1614 |   3 |  722.7 |
       Dungeon |   2168 |   2126 |     42 |    116 |   1614 |   3 |  722.7 |
               +--------+--------+--------+--------+--------+-----+--------+

Top non-repeatable levels by time:
     D:1: 1046 daAuts
     D:2: 967 daAuts
     D:3: 153 daAuts
